Map: Automaton LE

Players

ShoWTimE

  • Race: Protoss Protoss
  • League: Grandmaster
  • Spawn Location: 3:00

Lambo - Winner!

  • Race: Zerg Zerg
  • League: Grandmaster
  • Spawn Location: 9:00

VOD

Have the link to the VOD?

Description

Time

  • Played on: Jan. 31, 2019, 7:39 a.m.
  • Length: 10:48
Show
View Real Time Build Order
Export as new Build Order

ShoWTimE Protoss 

Build Orders: 1 Gate Expand, Oracle Opening, Phoenix Opening, Archon Immortal, Mass Phoenix 

Get SALT Encoding   

  12  0:00  Probe  
  13  0:12  Probe  
  14  0:18  Pylon  
  14  0:24  Probe  
  15  0:32  Probe  
  15  0:39  Gateway  
  15  0:40  Probe  
  16  0:48  Assimilator  
  17  0:51  Probe  
  18  1:03  Probe  
  19  1:15  Probe  
  20  1:27  Nexus  
  20  1:37  Cybernetics Core  
  20  1:39  Probe  
  21  1:47  Assimilator  
  21  1:51  Probe  
  22  1:54  Pylon  
  22  2:03  Probe  
  22  2:04  Adept  
  25  2:15  Probe  
  25  2:18  Stargate  
  26  2:24  Adept, Warp Gate  
  26  2:27  Probe  
  27  2:35  Probe  
  29  2:40  Probe  
  29  2:43  Probe  
  32  2:52  Probe  
  32  2:53  Probe  
  34  2:59  Phoenix  
  34  3:00  Adept  
  34  3:04  Probe  
  38  3:05  Probe  
  40  3:16  Probe  
  40  3:17  Probe, Pylon  
  42  3:23  Oracle  
  45  3:28  Probe  
  46  3:34  Assimilator  
  46  3:35  Probe  
  46  3:38  Assimilator  
  46  3:40  Probe  
  48  3:47  Probe  
  49  3:49  Gateway  
  49  3:51  Pylon  
  49  3:52  Probe  
  49  3:54  Stargate  
  49  3:55  Probe  
  51  4:03  Probe  
  51  4:04  Probe  
  53  4:10  Pylon  
  53  4:13  Probe  
  53  4:14  Phoenix  
  53  4:16  Probe  
  57  4:25  Probe  
  57  4:28  Probe  
  59  4:31  Phoenix  
  59  4:32  Phoenix  
  59  4:38  Probe  
  62  4:40  Probe, Pylon  
  62  4:44  Adept x2  
  69  4:48  Pylon  
  69  4:50  Probe  
  70  4:55  Phoenix  
  70  4:57  Phoenix  
  70  4:58  Probe  
  75  5:03  Probe  
  76  5:07  Pylon  
  76  5:10  Probe  
  77  5:15  Probe  
  77  5:31  Phoenix  
  77  5:32  Phoenix, Pylon  
  77  5:34  Nexus  
  81  5:43  Robotics Facility  
  81  5:44  Robotics Facility  
  81  5:49  Probe x2  
  83  5:51  Shield Battery  
  83  5:53  Sentry  
  83  5:54  Sentry  
  83  5:56  Shield Battery  
  87  5:58  Pylon  
  87  6:01  Probe x2  
  89  6:06  Forge  
  89  6:08  Twilight Council  
  89  6:13  Probe x2  
  92  6:25  Probe x2  
  92  6:28  Immortal  
  92  6:29  Immortal  
  89  6:37  Probe  
  89  6:38  Probe  
  89  6:39  Protoss Ground Weapons Level 1  
  99  6:43  Pylon  
  99  6:45  Assimilator  
  99  6:49  Probe  
  99  6:50  Probe  
  99  6:52  Charge, Assimilator  
  99  6:53  Probe  
  102  6:56  Immortal  
  102  7:02  Immortal, Probe x2  
  102  7:05  Probe  
  113  7:17  Gateway  
  113  7:25  Gateway  
  113  7:27  Gateway  
  113  7:28  Gateway, Observer  
  113  7:30  Templar Archives  
  113  7:34  Immortal  
  114  7:40  Gateway  
  118  7:45  Gateway  
  118  7:52  Gateway x2  
  118  7:53  Immortal  
  118  7:55  Psionic Storm  
  122  8:02  Zealot x2  
  122  8:04  Photon Cannon, Pylon  
  126  8:08  Pylon  
  126  8:17  Warp Prism  
  128  8:21  High Templar x2  
  128  8:23  High Templar  
  128  8:24  Pylon  
  134  8:27  Pylon  
  134  8:28  High Templar x2  
  134  8:32  Pylon  
  138  8:37  Pylon  
  138  8:45  Blink  
  134  8:51  High Templar x2  
  134  8:52  Zealot x3  
  134  8:53  Zealot  
  134  8:54  Zealot  
  134  8:55  Nexus  
  148  8:58  Archon  
  148  9:02  Shield Battery, Photon Cannon  
  148  9:07  High Templar x2, Zealot  
  154  9:11  Archon  
  154  9:12  Pylon  
  154  9:26  Zealot x2  
  154  9:27  Zealot x4  
  154  9:31  High Templar x2  
  170  9:35  Archon  
  170  9:44  Pylon  
  170  9:46  Pylon  
  156  9:56  High Templar x2  
  156  9:57  Zealot x5  
  170  10:03  Archon  
  170  10:07  Zealot x3  
  168  10:26  Zealot x4  
  127  10:30  Zealot x6  
Show
View Real Time Build Order
Export as new Build Order

Lambo Zerg - Winner!

Build Orders: Hatch First 

Get SALT Encoding   

  12  0:00  Drone  
  13  0:12  Overlord  
  13  0:17  Drone  
  14  0:31  Drone x2  
  16  0:49  Hatchery  
  15  0:53  Drone  
  15  0:56  Drone  
  17  1:00  Drone  
  18  1:10  Extractor  
  17  1:15  Spawning Pool  
  16  1:19  Drone  
  16  1:22  Drone  
  18  1:28  Drone  
  19  1:38  Drone  
  20  1:50  Overlord  
  20  2:01  Queen x2  
  20  2:02  Zergling x2  
  20  2:03  Zergling x2  
  26  2:11  Metabolic Boost  
  26  2:12  Drone  
  26  2:15  Drone  
  28  2:25  Drone x2  
  30  2:39  Hatchery  
  30  2:41  Drone  
  30  2:44  Drone  
  30  2:49  Drone  
  32  2:51  Overlord  
  32  2:55  Drone  
  33  3:00  Queen  
  34  3:06  Drone  
  34  3:12  Drone x2  
  37  3:13  Drone x2  
  37  3:14  Overlord  
  37  3:17  Zergling x2  
  40  3:22  Drone x2  
  42  3:27  Spore Crawler  
  42  3:28  Drone x2  
  42  3:31  Overlord  
  42  3:34  Drone  
  44  3:41  Queen  
  44  3:44  Drone x2  
  48  3:51  Queen  
  48  3:53  Drone  
  51  3:56  Overlord, Spore Crawler  
  51  4:00  Zergling x4  
  51  4:02  Zergling x2  
  53  4:06  Drone x2  
  53  4:08  Drone  
  56  4:10  Overlord  
  56  4:16  Overlord  
  56  4:17  Drone x3  
  56  4:20  Drone  
  56  4:23  Drone x2  
  62  4:24  Drone  
  62  4:31  Drone x2  
  63  4:35  Lair  
  63  4:38  Roach Warren, Drone  
  63  4:40  Extractor  
  63  4:42  Extractor  
  63  4:43  Drone  
  63  4:44  Drone x2  
  63  4:45  Drone  
  65  4:50  Drone x3  
  65  4:52  Drone x2  
  70  4:53  Drone  
  70  4:58  Overlord  
  70  4:59  Queen  
  73  5:01  Drone  
  73  5:03  Drone x2  
  73  5:04  Drone  
  77  5:09  Drone x2  
  77  5:11  Drone x2  
  77  5:14  Overlord  
  81  5:18  Zergling x4  
  82  5:25  Evolution Chamber  
  82  5:27  Zergling x2  
  82  5:28  Zergling x6  
  84  5:32  Extractor  
  84  5:33  Extractor  
  81  5:37  Overlord  
  81  5:38  Overlord  
  89  5:48  Queen x3  
  89  5:49  Spore Crawler  
  86  5:53  Drone x3  
  86  5:55  Drone x5  
  94  5:57  Spore Crawler  
  94  5:58  Drone  
  94  6:01  Drone x2  
  95  6:06  Drone x2  
  95  6:08  Zerg Missile Weapons Level 1  
  97  6:11  Extractor  
  97  6:12  Drone x4  
  96  6:19  Overlord  
  96  6:20  Drone  
  96  6:23  Hatchery  
  96  6:24  Drone  
  98  6:28  Drone  
  98  6:32  Baneling Nest  
  98  6:34  Drone x2, Spore Crawler  
  98  6:38  Drone x2  
  98  6:39  Drone x2  
  101  6:45  Drone x2  
  99  6:55  Infestation Pit, Hydralisk Den  
  99  6:56  Drone x3  
  99  6:57  Evolution Chamber  
  99  7:00  Drone  
  95  7:03  Drone  
  95  7:05  Drone x2  
  95  7:06  Drone x2  
  98  7:09  Drone x2  
  98  7:10  Drone  
  98  7:13  Drone  
  102  7:18  Drone x2  
  102  7:20  Drone  
  104  7:29  Zerg Melee Weapons Level 1, Centrifical Hooks  
  104  7:30  Grooved Spines, Spore Crawler  
  104  7:31  Spore Crawler  
  104  7:32  Hive  
  104  7:34  Spire  
  101  7:39  Drone  
  101  7:40  Drone  
  103  7:44  Drone  
  103  7:45  Drone x4  
  103  7:46  Queen  
  103  7:48  Hydralisk x7  
  124  7:55  Extractor  
  123  7:59  Hydralisk x2  
  123  8:00  Extractor  
  123  8:04  Overlord x2  
  126  8:06  Drone, Zerg Missile Weapons Level 2  
  124  8:13  Overlord  
  124  8:15  Drone  
  124  8:19  Hydralisk  
  127  8:21  Overlord x3  
  127  8:22  Overlord  
  127  8:31  Overlord  
  127  8:33  Zergling x20  
  127  8:34  Zergling x4  
  139  8:36  Overseer, Pneumatized Carapace  
  136  8:42  Muscular Augments  
  136  8:43  Hydralisk x3  
  136  8:46  Greater Spire  
  140  8:48  Zergling x10  
  144  8:57  Zergling x10  
  144  9:00  Baneling x14  
  148  9:03  Hydralisk x3  
  148  9:07  Baneling x9  
  154  9:14  Zergling x22  
  165  9:22  Zergling x8  
  165  9:23  Baneling x11  
  169  9:28  Hydralisk  
  169  9:29  Zergling x4  
  172  9:35  Baneling x8  
  172  9:37  Hydralisk x2  
  172  9:38  Zergling x6  
  179  9:40  Hydralisk x3  
  179  9:43  Baneling x6  
  179  9:45  Hydralisk x2  
  184  9:49  Baneling x6  
  184  9:51  Hydralisk  
  184  9:52  Zergling x4  
  187  9:56  Zergling x8  
  187  9:58  Baneling x2  
  187  9:59  Overlord  
  191  10:06  Baneling x6  
  191  10:17  Hydralisk x7  
  195  10:21  Hydralisk x3  
  195  10:23  Hydralisk  
  195  10:27  Zergling x2  
Tags
 
Add a new tag
Caveats
  • Supply blocks, unpowered buildings, or Contaminate may cause inaccurate times.
  • Supply counts are checked every 10 seconds.